[ AOE2 MATCH · #471465255 ]
1v1 RMTatars vs Chinese
Player's team · LOSS
Rival team · WIN
[ REPLAY ANALYSIS · EXTRACTED FROM THE RECORDED GAME ]
Feudal
9:17
Castle
24:32
Imperial
44:24
| APM avg | 61.4 |
| APM peak | 115 |
| eAPM avg | 29.2 |
| Villagers / military | 227 / 338 |
Focus
⚔️ 31.5% · 🌾 68.5%
Scout Cavalry ×175 · Cavalry Archer ×52 · Knight ×49 · Archer ×24 · Camel Scout ×23 · Spearman ×5
Feudal
9:52
Castle
23:34
Imperial
41:54
| APM avg | 57.9 |
| APM peak | 112 |
| eAPM avg | 33.8 |
| Villagers / military | 231 / 419 |
Focus
⚔️ 49.0% · 🌾 51.0%
Fire Lancer ×163 · Skirmisher ×130 · Scout Cavalry ×68 · Knight ×25 · Trebuchet (Packed) ×10 · Monk ×9
Match map
Initial resources + every placement click. Lines = walls · curves = elevation contours. ◆ gold · ⬟ stone · ● berries · ✦ relic · ◌ wall gap
Your base· ✓ Closed at 24:32 · 109t walls · 2 gate(s)
elidkatz1's base· Open — opponent sealed themselves in
Smoothed initial terrain · ◌ = detected wall gap · hover for details
Inputs per minute
— [ZCHE] JUAN - - elidkatz1
Build order — [ZCHE] JUAN
First 150 of 613 actions detected
| 0:00 | Create | Villager (Male) |
| 0:00 | Create | Villager (Male) |
| 0:02 | Build | House |
| 0:03 | Build | House |
| 0:08 | Create | Villager (Male) ×2 |
| 1:31 | Create | Villager (Male) |
| 1:31 | Create | Villager (Male) |
| 1:53 | Create | Villager (Male) |
| 1:53 | Create | Villager (Male) |
| 2:26 | Create | Villager (Male) |
| 2:50 | Create | Villager (Male) |
| 2:51 | Create | Villager (Male) |
| 3:14 | Create | Villager (Male) |
| 3:15 | Create | Villager (Male) |
| 3:19 | Build | Lumber Camp |
| 3:28 | Build | House |
| 3:30 | Create | Villager (Male) |
| 3:30 | Create | Villager (Male) |
| 3:42 | Build | House |
| 3:51 | Create | Villager (Male) |
| 3:51 | Create | Villager (Male) |
| 4:30 | Create | Villager (Male) |
| 4:31 | Create | Villager (Male) |
| 5:04 | Create | Villager (Male) |
| 5:35 | Build | Mill |
| 5:46 | Create | Villager (Male) |
| 6:34 | Research | Loom |
| 7:07 | Research | Feudal Age |
| 7:07 | Research | Feudal Age |
| 8:00 | Build | House |
| 8:24 | Build | Palisade Gate |
| 8:34 | Build | Palisade Gate |
| 8:35 | Build | Palisade Wall |
| 8:40 | Build | Palisade Gate |
| 8:48 | Create | Villager (Male) |
| 8:52 | Build | Barracks |
| 9:14 | Create | Villager (Male) |
| 9:17 | Age | Feudal Age |
| 9:20 | Research | Double-Bit Axe |
| 9:41 | Create | Villager (Male) |
| 9:53 | Build | Archery Range |
| 10:04 | Create | Villager (Male) |
| 10:17 | Build | House |
| 10:20 | Create | Spearman |
| 10:22 | Create | Villager (Male) |
| 10:42 | Create | Villager (Male) |
| 11:03 | Build | Mill |
| 11:08 | Create | Archer |
| 11:13 | Create | Villager (Male) |
| 11:25 | Create | Villager (Male) |
| 11:29 | Build | Mining Camp |
| 11:34 | Create | Villager (Male) |
| 11:56 | Build | House |
| 12:00 | Build | House |
| 12:12 | Create | Villager (Male) |
| 12:24 | Create | Spearman |
| 12:29 | Build | House |
| 12:38 | Create | Archer |
| 12:44 | Build | Palisade Wall |
| 12:51 | Research | Horse Collar |
| 12:51 | Research | Horse Collar |
| 12:59 | Build | Archery Range |
| 13:04 | Create | Spearman |
| 13:06 | Create | Villager (Male) |
| 13:06 | Create | Archer |
| 13:16 | Build | Palisade Wall |
| 13:35 | Create | Villager (Male) |
| 13:36 | Create | Archer |
| 13:37 | Create | Spearman |
| 13:53 | Build | Farm |
| 13:54 | Build | Farm |
| 13:58 | Build | Palisade Wall |
| 14:14 | Create | Villager (Male) |
| 14:16 | Build | Farm |
| 14:17 | Build | Farm |
| 14:29 | Build | Palisade Wall |
| 14:29 | Build | Palisade Wall |
| 14:32 | Build | Palisade Wall |
| 14:36 | Create | Villager (Male) |
| 14:38 | Create | Archer |
| 14:38 | Create | Archer |
| 14:40 | Build | House |
| 14:50 | Build | Blacksmith |
| 15:12 | Build | Palisade Wall |
| 15:31 | Create | Villager (Male) |
| 15:31 | Create | Villager (Male) |
| 15:36 | Create | Archer |
| 15:36 | Create | Archer |
| 15:44 | Build | Palisade Wall |
| 15:47 | Build | Palisade Wall |
| 15:50 | Create | Villager (Male) |
| 16:01 | Research | Fletching |
| 16:05 | Build | House |
| 16:09 | Build | House |
| 16:13 | Build | Lumber Camp |
| 16:23 | Research | Wheelbarrow |
| 16:29 | Create | Archer |
| 16:30 | Create | Archer |
| 16:59 | Build | Palisade Wall |
| 17:04 | Build | Palisade Wall |
| 17:09 | Create | Villager (Male) |
| 17:13 | Build | Farm |
| 17:27 | Create | Villager (Male) |
| 17:30 | Create | Archer |
| 17:30 | Create | Archer |
| 17:50 | Build | Palisade Wall |
| 17:58 | Build | House |
| 17:59 | Build | House |
| 18:19 | Build | Farm |
| 18:20 | Build | Farm |
| 18:21 | Create | Villager (Male) |
| 18:22 | Create | Villager (Male) |
| 19:01 | Build | Palisade Wall |
| 19:27 | Create | Villager (Male) |
| 20:21 | Create | Villager (Male) |
| 20:22 | Build | Farm |
| 20:22 | Build | Farm |
| 20:23 | Build | Farm |
| 20:23 | Build | Farm |
| 20:23 | Build | Farm |
| 20:23 | Build | Farm |
| 20:24 | Build | Farm |
| 20:34 | Build | Stable |
| 20:41 | Create | Spearman |
| 20:42 | Create | Villager (Male) |
| 21:05 | Create | Villager (Male) |
| 21:34 | Create | Villager (Male) |
| 21:36 | Build | House |
| 21:42 | Create | Archer |
| 21:42 | Create | Archer |
| 21:52 | Research | Castle Age |
| 22:00 | Research | Padded Archer Armor |
| 22:00 | Research | Padded Archer Armor |
| 22:13 | Build | Stable |
| 22:23 | Build | Palisade Wall |
| 23:36 | Research | Forging |
| 23:38 | Research | Bloodlines |
| 23:43 | Build | Farm |
| 23:44 | Build | Farm |
| 23:44 | Build | Farm |
| 23:44 | Build | Farm |
| 23:44 | Build | Farm |
| 23:44 | Build | Farm |
| 23:59 | Research | Gold Mining |
| 24:09 | Build | Farm |
| 24:10 | Build | Farm |
| 24:14 | Build | House |
| 24:32 | Age | Castle Age |
| 24:33 | Create | Knight |
| 24:33 | Create | Knight |
Build order — elidkatz1
First 150 of 909 actions detected
| 0:01 | Research | Loom |
| 0:04 | Build | House |
| 0:07 | Build | House |
| 1:01 | Create | Villager (Male) |
| 1:43 | Create | Villager (Male) |
| 1:47 | Build | Lumber Camp |
| 2:04 | Create | Villager (Male) |
| 2:26 | Create | Villager (Male) |
| 2:53 | Create | Villager (Male) |
| 3:21 | Create | Villager (Male) |
| 3:32 | Build | House |
| 3:44 | Create | Villager (Male) |
| 4:09 | Create | Villager (Male) |
| 4:31 | Create | Villager (Male) |
| 4:59 | Create | Villager (Male) |
| 5:02 | Build | Mill |
| 5:28 | Create | Villager (Male) |
| 5:31 | Create | Villager (Male) |
| 5:32 | Create | Villager (Male) |
| 5:56 | Create | Villager (Male) |
| 7:12 | Create | Villager (Male) |
| 7:42 | Research | Feudal Age |
| 7:50 | Build | Barracks |
| 7:52 | Build | Palisade Wall |
| 7:59 | Build | Palisade Wall |
| 8:00 | Build | Palisade Wall |
| 8:01 | Build | Palisade Wall |
| 8:03 | Build | Palisade Wall |
| 8:04 | Build | Palisade Wall |
| 8:06 | Build | Palisade Wall |
| 8:09 | Build | Palisade Wall |
| 8:36 | Create | Villager (Male) |
| 8:45 | Create | Villager (Male) |
| 9:04 | Build | Mill |
| 9:30 | Build | Palisade Wall |
| 9:31 | Build | Palisade Wall |
| 9:32 | Build | Palisade Wall |
| 9:33 | Build | Palisade Wall |
| 9:52 | Age | Feudal Age |
| 9:54 | Build | Stable |
| 9:57 | Research | Double-Bit Axe |
| 10:00 | Create | Villager (Male) |
| 10:31 | Create | Villager (Male) |
| 10:37 | Create | Scout Cavalry |
| 10:41 | Build | Farm |
| 10:47 | Research | Horse Collar |
| 10:53 | Create | Villager (Male) |
| 10:57 | Create | Scout Cavalry |
| 11:08 | Build | Farm |
| 11:10 | Build | Farm |
| 11:24 | Create | Scout Cavalry |
| 11:34 | Build | House |
| 11:36 | Build | House |
| 11:42 | Build | Palisade Wall |
| 11:48 | Create | Villager (Male) |
| 11:51 | Build | Farm |
| 11:53 | Build | Farm |
| 11:56 | Create | Villager (Male) |
| 12:28 | Create | Villager (Male) |
| 12:32 | Build | Archery Range |
| 12:33 | Create | Villager (Male) |
| 12:45 | Create | Scout Cavalry |
| 12:57 | Create | Villager (Male) |
| 13:05 | Create | Villager (Male) |
| 13:40 | Build | Palisade Wall |
| 13:42 | Create | Villager (Male) |
| 13:44 | Build | Farm |
| 13:45 | Build | Farm |
| 13:45 | Build | Farm |
| 13:45 | Build | Farm |
| 13:46 | Create | Villager (Male) |
| 13:48 | Create | Skirmisher |
| 14:12 | Create | Skirmisher |
| 14:13 | Create | Villager (Male) |
| 14:16 | Build | Farm |
| 14:17 | Build | Farm |
| 14:18 | Create | Villager (Male) |
| 14:18 | Create | Villager (Male) |
| 14:38 | Create | Skirmisher |
| 14:44 | Build | House |
| 15:00 | Research | Wheelbarrow |
| 15:11 | Create | Skirmisher |
| 15:35 | Create | Villager (Male) |
| 15:43 | Build | Farm |
| 15:43 | Build | Farm |
| 15:56 | Create | Skirmisher |
| 16:19 | Create | Villager (Male) |
| 16:23 | Build | House |
| 16:48 | Build | Lumber Camp |
| 16:52 | Create | Skirmisher |
| 16:58 | Create | Villager (Male) |
| 17:14 | Create | Villager (Male) |
| 17:17 | Create | Skirmisher |
| 17:27 | Create | Skirmisher |
| 17:33 | Create | Skirmisher |
| 17:35 | Create | Villager (Male) |
| 17:38 | Build | Blacksmith |
| 17:46 | Build | Farm |
| 18:05 | Create | Skirmisher |
| 18:15 | Build | House |
| 18:17 | Build | House |
| 18:18 | Build | House |
| 18:22 | Build | Mining Camp |
| 18:24 | Create | Villager (Male) |
| 18:47 | Create | Skirmisher |
| 18:55 | Build | House |
| 18:57 | Build | House |
| 19:21 | Build | House |
| 19:28 | Create | Skirmisher |
| 19:48 | Create | Skirmisher |
| 19:48 | Research | Padded Archer Armor |
| 19:58 | Create | Spearman |
| 20:08 | Build | Market |
| 20:29 | Create | Villager (Male) |
| 20:53 | Research | Castle Age |
| 21:06 | Research | Gold Mining |
| 21:08 | Research | Fletching |
| 21:10 | Create | Skirmisher |
| 21:11 | Create | Skirmisher |
| 21:35 | Build | Palisade Wall |
| 21:47 | Build | Stable |
| 21:49 | Create | Skirmisher |
| 21:55 | Research | Scale Barding Armor |
| 22:00 | Research | Bloodlines |
| 22:38 | Build | Mining Camp |
| 23:05 | Create | Skirmisher |
| 23:32 | Create | Villager (Male) |
| 23:32 | Create | Villager (Male) |
| 23:34 | Age | Castle Age |
| 23:36 | Build | Town Center |
| 23:40 | Build | Town Center |
| 23:42 | Create | Knight |
| 23:43 | Create | Knight |
| 23:49 | Research | Husbandry |
| 23:50 | Create | Villager (Male) |
| 24:09 | Research | Bodkin Arrow |
| 24:35 | Create | Knight |
| 24:41 | Create | Villager (Male) |
| 24:50 | Create | Villager (Male) |
| 24:54 | Create | Villager (Male) |
| 25:00 | Create | Villager (Male) |
| 25:04 | Create | Villager (Male) |
| 25:28 | Create | Knight |
| 25:46 | Create | Knight |
| 25:47 | Create | Knight |
| 25:47 | Create | Knight |
| 26:13 | Create | Knight |
| 26:15 | Create | Villager (Male) |
| 26:18 | Build | Farm |
| 26:18 | Build | Farm |
Match timeline
| 7:50 | elidkatz1 · first_building Barracks |
| 7:52 | elidkatz1 · wall_segment Palisade Wall x1 |
| 7:59 | elidkatz1 · wall_segment Palisade Wall x1 |
| 8:00 | elidkatz1 · wall_segment Palisade Wall x1 |
| 8:01 | elidkatz1 · wall_segment Palisade Wall x1 |
| 8:03 | elidkatz1 · wall_segment Palisade Wall x1 |
| 8:04 | elidkatz1 · wall_segment Palisade Wall x1 |
| 8:06 | elidkatz1 · wall_segment Palisade Wall x1 |
| 8:09 | elidkatz1 · wall_segment Palisade Wall x1 |
| 8:35 | [ZCHE] JUAN · wall_segment Palisade Wall x1 |
| 8:52 | [ZCHE] JUAN · first_building Barracks |
| 9:17 | [ZCHE] JUAN · age_up feudal |
| 9:30 | elidkatz1 · wall_segment Palisade Wall x1 |
| 9:31 | elidkatz1 · wall_segment Palisade Wall x1 |
| 9:32 | elidkatz1 · wall_segment Palisade Wall x1 |
| 9:33 | elidkatz1 · wall_segment Palisade Wall x1 |
| 9:52 | elidkatz1 · age_up feudal |
| 9:53 | [ZCHE] JUAN · first_building Archery Range |
| 9:54 | elidkatz1 · first_building Stable |
| 11:42 | elidkatz1 · wall_segment Palisade Wall x8 |
| 12:32 | elidkatz1 · first_building Archery Range |
| 12:44 | [ZCHE] JUAN · wall_segment Palisade Wall x10 |
| 13:16 | [ZCHE] JUAN · wall_segment Palisade Wall x1 |
| 13:40 | elidkatz1 · wall_segment Palisade Wall x5 |
| 13:58 | [ZCHE] JUAN · wall_segment Palisade Wall x5 |
| 14:29 | [ZCHE] JUAN · wall_segment Palisade Wall x1 |
| 14:29 | [ZCHE] JUAN · wall_segment Palisade Wall x1 |
| 14:32 | [ZCHE] JUAN · wall_segment Palisade Wall x1 |
| 15:12 | [ZCHE] JUAN · wall_segment Palisade Wall x7 |
| 15:44 | [ZCHE] JUAN · wall_segment Palisade Wall x5 |
| 15:47 | [ZCHE] JUAN · wall_segment Palisade Wall x1 |
| 16:59 | [ZCHE] JUAN · wall_segment Palisade Wall x8 |
| 17:04 | [ZCHE] JUAN · wall_segment Palisade Wall x12 |
| 17:50 | [ZCHE] JUAN · wall_segment Palisade Wall x25 |
| 19:01 | [ZCHE] JUAN · wall_segment Palisade Wall x15 |
| 20:34 | [ZCHE] JUAN · first_building Stable |
| 20:52 | elidkatz1 · first_market_sell 100 food |
| 21:35 | elidkatz1 · wall_segment Palisade Wall x1 |
| 22:23 | [ZCHE] JUAN · wall_segment Palisade Wall x18 |
| 23:34 | elidkatz1 · age_up castle |
| 24:05 | elidkatz1 · first_market_buy 100 food |
| 24:32 | [ZCHE] JUAN · age_up castle |
| 26:30 | elidkatz1 · first_building Siege Workshop |
| 27:24 | [ZCHE] JUAN · wall_segment Palisade Wall x11 |
| 29:13 | elidkatz1 · wall_segment Palisade Wall x1 |
| 29:18 | elidkatz1 · wall_segment Palisade Wall x1 |
| 29:21 | elidkatz1 · wall_segment Palisade Wall x1 |
| 29:31 | elidkatz1 · first_building Monastery |
| 31:39 | [ZCHE] JUAN · first_building Siege Workshop |
| 31:52 | elidkatz1 · wall_segment Palisade Wall x10 |
| 32:18 | [ZCHE] JUAN · first_building Monastery |
| 32:18 | elidkatz1 · wall_segment Palisade Wall x17 |
| 32:33 | elidkatz1 · wall_segment Palisade Wall x1 |
| 32:35 | elidkatz1 · wall_segment Palisade Wall x1 |
| 33:32 | elidkatz1 · wall_segment Palisade Wall x1 |
| 35:40 | elidkatz1 · first_building Castle |
| 38:07 | [ZCHE] JUAN · first_market_sell 100 wood |
| 41:54 | elidkatz1 · age_up imperial |
| 43:51 | [ZCHE] JUAN · first_market_buy 100 wood |
| 44:24 | [ZCHE] JUAN · age_up imperial |
| 44:41 | [ZCHE] JUAN · first_building Castle |
| 48:42 | [ZCHE] JUAN · wall_segment Stone Wall x24 |
| 51:21 | elidkatz1 · wall_segment Palisade Wall x9 |
| 51:24 | elidkatz1 · wall_segment Palisade Wall x1 |
| 61:22 | [ZCHE] JUAN · resign |
[ AI ANALYSIS · 1 CREDIT ]
What really happened in this match?
Wolo.gg analyzes every decision: build order, eco, micro, common mistakes by bracket. Personalized analysis on WhatsApp or Discord in 30 seconds.
Civ guide
Tatars
Map guide
Crownwood
Perfil
Jugador #11625892